 Dungeon Crawl Stone Soup version 0.15.2 (webtiles) character file.

22633 HAWKINGL3623 the Unseen (level 13, 0/118 HPs)
             Began as a Naga Assassin on Mar 3, 2016.
             Was the Champion of Zin.
             Slain by a skeletal warrior
             ... wielding a +0 flail
              (16 damage)
             ... on Level 13 of the Dungeon on Mar 4, 2016.
             The game lasted 01:48:50 (20194 turns).

HAWKINGL3623 the Unseen (Naga Assassin)            Turns: 20194, Time: 01:48:50

HP   0/118       AC 10     Str 13      XL: 13   Next:  1%
MP  19/21        EV 17     Int 12 (13) God: Zin [******]
Gold 1577        SH  0     Dex 18      Spells:  0 memorised, 12 levels left

rFire  + + +     SeeInvis +     p - +7 short sword "Xeoshrott" {freeze, rPois rF+}
rCold  . . .     Clarity  .     m - +3 robe of the Nine Planets {rPois rF+ Str-1}
rNeg   . . .     rCorr    .     (no shield)
rPois  +         rRot     .     (no helmet)
rElec  .         Spirit   .     d - +1 cloak
SustAb .         Warding  .     (no gloves)
rMut   .         Stasis   .     (no barding)
Gourm  .                        (no amulet)
MR     +....                    (no ring)
                                n - cursed ring of protection from fire

@: very slow, somewhat resistant to hostile enchantments, extremely stealthy
A: breathe poison, constrict 1, see invisible, agile 1, breathe poison, deformed
body, deterioration 1, poison resistance, slowness 2, AC +4
a: Breathe Poison Gas, Recite, Vitalisation, Imprison, Sanctuary, Cure All
Mutations, Renounce Religion


You were on level 13 of the Dungeon.
You worshipped Zin.
Zin was exalted by your worship.
You were not hungry.

You visited 3 branches of the dungeon, and saw 16 of its levels.
You also visited: Bailey.

You collected 1729 gold pieces.
You donated 152 gold pieces to Zin.

Inventory:

Hand weapons
 b - a +4 blowgun
 p - the +7 short sword "Xeoshrott" (weapon) {freeze, rPois rF+}
   (You took it off an orc on level 4 of the Dungeon)

   It has been specially enchanted to freeze those struck by it, causing extra
   injury to most foes and up to double damage against particularly susceptible
   opponents.
   It can also slow down cold-blooded creatures.
   It protects you from fire.
   It protects you from poison.
Missiles
 e - 25 poisoned needles
 f - 2 curare-tipped needles
 r - 10 tomahawks
 u - a javelin
 A - 12 tomahawks of returning (quivered)
Armour
 d - a +1 cloak (worn)
 m - the +3 robe of the Nine Planets (worn) {rPois rF+ Str-1}
   (You found it on level 12 of the Dungeon)

   It affects your strength (-1).
   It protects you from fire.
   It protects you from poison.
Magical devices
 a - a wand of disintegration (24)
 j - a wand of slowing (8)
 k - a wand of disintegration (12)
 l - a wand of cold (11)
 t - a wand of slowing (11)
 w - a wand of confusion (15)
 z - a wand of slowing (20)
Comestibles
 g - 7 bread rations
 i - 7 meat rations
Scrolls
 q - a scroll of fear
 s - 3 scrolls of amnesia
 C - a scroll of remove curse
Jewellery
 n - a cursed ring of protection from fire (left hand)
Potions
 h - 2 potions of resistance
 o - a potion of might
 v - a potion of haste
Books
 c - a book of Frost

   Spells                             Type                      Level
   Freeze                             Ice                          1
   Throw Frost                        Conjuration/Ice              2
   Ozocubu's Armour                   Charms/Ice                   3
   Throw Icicle                       Conjuration/Ice              4
   Summon Ice Beast                   Ice/Summoning                4
   Condensation Shield                Ice                          4
Miscellaneous
 B - a fan of gales


   Skills:
 + Level 8.6 Fighting
 + Level 8.9 Short Blades
 + Level 5.0 Throwing
 + Level 10.6 Dodging
 + Level 16.1 Stealth
 + Level 4.7 Invocations
 + Level 1.8 Evocations


You had 12 spell levels left.
You didn't know any spells.

Dungeon Overview and Level Annotations

Branches:
Dungeon (14/15)            Temple (1/1) D:4             Orc (0/4) D:12
   Lair (1/8) D:9
 Vaults: D:13-14

Altars:
Ashenzari
Cheibriados
Dithmenos
Elyvilon
Fedhas
Kikubaaqudgha
Makhleb
Nemelex Xobeh
Okawaru
Qazlal
Sif Muna
Trog
Vehumet
Xom
Yredelemnul
Zin
The Shining One

Annotations:
D:5 HAWKINGL3623's ghost, experienced VSSu


Innate Abilities, Weirdness & Mutations

You cannot wear boots.
You can use your snake-like lower body to constrict enemies.
Your serpentine skin is tough (AC +4).
You have supernaturally acute eyesight.
Armour fits poorly on your strangely shaped body.
Your system is resistant to poisons.
You cover ground very slowly.
You are agile. (Dex +2)
You can exhale a cloud of poison.
Your body is slowly deteriorating.


Message History

There is a stone staircase leading up here.
You climb upwards.
There is a stone staircase leading down here.
Read which item? (? for menu, Esc to quit)
As you read the scroll of fear, it crumbles to dust.
You assume a fearsome visage.
The skeletal warrior is unaffected.
The skeletal warrior completely misses you.
Use which ability? (? or * to list)
You fail to use your ability.
The skeletal warrior closely misses you.
Use which ability? (? or * to list)
You fail to use your ability.
The skeletal warrior hits you with a flail!
* * * LOW HITPOINT WARNING * * *
Use which ability? (? or * to list)
You fail to use your ability.
The skeletal warrior barely misses you.
Drink which item? (? for menu, Esc to quit)
You feel better.
The skeletal warrior hits you with a flail!
You die...

#...............+......'
#..............######+##
##...))...#....##.....##
##........#.............
#......)..#....H........
#.....)∩).#.............
#..)...)..+.............
#.........#.............
##.....@.##.............
##....z..##.............
#........+............##
#..<.....##....##.....##
#........##....##.....#≈
#........>#...........#≈
#.........%......)....#≈
#.........#...........#≈
##.......##%...##.....#≈


You could see a skeletal warrior.

Vanquished Creatures
  2 unseen horrors
  An orc knight (Bailey)
  3 hill giants
  6 cyclopes
  A wizard (D:12)
  A manticore (D:13)
  A feature mimic (D:11)
  A centaur zombie (D:12)
  A gargoyle (D:12)
  A kobold demonologist (D:13)
  An efreet (D:12)
  4 two-headed ogres
  A hydra skeleton (D:12)
  A spriggan (D:7)
  The ghost of HAWKINGL3623 the Sneak, an average KoAs of Okawaru (D:4)
  A hill giant zombie (D:8)
  A shadow (D:13)
  15 yaks
  A hungry ghost (D:12)
  4 deep elf magi
  A wraith (D:7)
  A vampire mosquito (D:13)
  A wyvern (D:10)
  A tengu zombie (D:13)
  A hill giant skeleton (D:7)
  7 hippogriffs
  Edmund (D:5)
  2 mottled dragons
  10 orc warriors
  A tengu skeleton (D:12)
  4 sky beasts
  A yellow wasp (D:9)
  7 phantoms
  4 ice beasts
  6 ogres
  4 necrophages (D:10)
  9 centaurs
  2 big kobolds
  10 giant frogs
  A gnoll sergeant (D:13)
  A water moccasin skeleton (D:6)
  6 jellies
  2 wights (D:10)
  7 scorpions
  A yak skeleton (D:8)
  16 killer bees
  A boring beetle zombie (D:13)
  2 goliath beetles (D:7)
  12 crimson imps
  A two-headed ogre zombie (D:10)
  A gnoll shaman (D:4)
  2 giant frog skeletons
  10 orc priests
  An elf skeleton (D:9)
  10 hounds
  10 iguanas
  16 orc wizards
  8 worker ants
  6 sheep
  A mottled dragon skeleton (D:13)
  3 hound skeletons
  2 mummies
  8 gnolls
  5 shadow imps
  13 adders
  4 worms
  An iguana zombie (D:7)
  An adder zombie (D:10)
  2 iguana skeletons
  4 giant geckos
  73 orcs
  24 bats
  4 giant cockroaches
  23 hobgoblins
  17 jackals
  6 quokkas
  A giant newt (D:2)
  2 giant spores
  17 goblins
  2 hobgoblin skeletons (D:8)
  41 kobolds
  18 rats
  A rat skeleton (D:4)
  28 ballistomycetes
536 creatures vanquished.

Vanquished Creatures (others)
  A giant spore (D:10)
1 creature vanquished.

Grand Total: 537 creatures vanquished

Notes
Turn   | Place    | Note
--------------------------------------------------------------
     0 | D:1      | HAWKINGL3623, the Naga Assassin, began the quest for the Orb.
     0 | D:1      | Reached XP level 1. HP: 19/19 MP: 1/1
    66 | D:1      | Reached skill level 6 in Stealth
   255 | D:1      | Reached XP level 2. HP: 16/26 MP: 2/2
   909 | D:2      | Reached XP level 3. HP: 28/32 MP: 3/3
  1034 | D:2      | Reached skill level 1 in Dodging
  1530 | D:2      | Reached XP level 4. HP: 40/40 MP: 4/4
  1733 | D:2      | Gained mutation: Your body is slowly deteriorating. [potion of mutation]
  1733 | D:2      | Gained mutation: You can exhale a cloud of poison. [potion of mutation]
  1733 | D:2      | Gained mutation: You are agile. (Dex +2) [potion of mutation]
  1741 | D:2      | Reached skill level 7 in Stealth
  2350 | D:3      | Reached XP level 5. HP: 46/46 MP: 5/5
  3088 | D:4      | Found a staircase to the Ecumenical Temple.
  3099 | Temple   | Entered the Ecumenical Temple
  3162 | Temple   | Became a worshipper of Zin the Law-Giver
  3162 | Temple   | Acquired Zin's first power
  3229 | D:4      | Reached XP level 6. HP: 52/55 MP: 6/6
  3270 | D:4      | Reached skill level 8 in Stealth
  3320 | D:4      | Noticed a phantom
  3714 | D:4      | Got a transparent short sword {freeze}
  3715 | D:4      | Identified the +7 short sword "Xeoshrott" {freeze, rPois rF+} (You took it off an orc on level 4 of the Dungeon)
  3882 | D:4      | Noticed HAWKINGL3623's ghost (average KoAs)
  3945 | D:4      | Reached XP level 7. HP: 62/62 MP: 7/7
  4097 | D:4      | Killed HAWKINGL3623's ghost
  4097 | D:4      | Reached skill level 1 in Invocations
  4219 | D:4      | Noticed a phantom
  4255 | D:4      | Killed a phantom
  4534 | D:5      | Entered Level 5 of the Dungeon
  4586 | D:4      | Killed a phantom
  4586 | D:4      | Reached XP level 8. HP: 33/70 MP: 9/9
  4824 | D:5      | Reached skill level 5 in Dodging
  4897 | D:5      | Reached skill level 9 in Stealth
  5534 | D:5      | Noticed Edmund
  5546 | D:5      | Killed Edmund
  5587 | D:5      | Reached skill level 10 in Stealth
  5703 | D:5      | Reached XP level 9. HP: 69/79 MP: 12/12
  6219 | D:5      | Noticed HAWKINGL3623's ghost (experienced VSSu)
  6505 | D:6      | Acquired Zin's second power
  7005 | D:7      | Reached skill level 11 in Stealth
  7012 | D:7      | Reached skill level 5 in Fighting
  7308 | D:7      | Reached skill level 5 in Short Blades
  7567 | D:7      | Reached skill level 12 in Stealth
  7898 | D:7      | Identified a scroll of acquirement
  7899 | D:7      | Got an ancient shield
  7909 | D:7      | Identified the +1 shield of the Eight Blessings {rC+ Int+1 SInv} (You acquired it on level 7 of the Dungeon)
  8117 | D:7      | Reached XP level 10. HP: 88/88 MP: 13/13
  8140 | D:7      | Found a snail-covered altar of Cheibriados.
  8984 | D:8      | Acquired Zin's third power
  9003 | D:8      | Reached skill level 13 in Stealth
 10772 | D:9      | Reached skill level 1 in Evocations
 11085 | D:9      | Found a staircase to the Lair.
 11168 | Lair:1   | Entered Level 1 of the Lair of Beasts
 11335 | D:10     | Entered Level 10 of the Dungeon
 11440 | D:10     | Reached skill level 14 in Stealth
 11461 | D:10     | Reached XP level 11. HP: 71/99 MP: 15/15
 13622 | D:11     | Noticed an unseen horror
 13632 | D:11     | Killed an unseen horror
 13728 | D:11     | Acquired Zin's fourth power
 13793 | D:11     | Found a staircase to the Orcish Mines.
 14088 | D:11     | Reached skill level 15 in Stealth
 14492 | D:11     | the staircase to the Orcish Mines was a mimic.
 15092 | D:12     | Got a crude robe
 15110 | D:12     | Identified the +3 robe of the Nine Planets {rPois rF+ Str-1} (You found it on level 12 of the Dungeon)
 15298 | D:12     | Reached XP level 12. HP: 105/109 MP: 19/19
 15533 | D:12     | Noticed a hill giant
 15562 | D:12     | Killed a hill giant
 16617 | D:12     | Found a staircase to the Orcish Mines.
 17749 | D:12     | Reached skill level 10 in Dodging
 19102 | D:13     | Found a flagged portal.
 19114 | Bailey   | Entered a bailey
 19189 | Bailey   | Found a bloodstained altar of Trog.
 19222 | Bailey   | Reached skill level 16 in Stealth
 19696 | D:13     | Reached skill level 5 in Throwing
 20019 | D:13     | Reached XP level 13. HP: 118/118 MP: 21/21
 20031 | D:13     | Noticed a vault guard
 20194 | D:13     | Slain by a skeletal warrior

Action                   |  1- 3 |  4- 6 |  7- 9 | 10-12 | 13-15 || total
-------------------------+-------+-------+-------+-------+-------++-------
Melee: Dagger            |    93 |   154 |       |       |       ||   247
       Short sword       |       |     1 |   209 |   936 |     9 ||  1155
 Fire: Blowgun           |    10 |    10 |    15 |    25 |       ||    60
Throw: Javelin           |       |     1 |    26 |    10 |       ||    37
       Tomahawk          |       |       |       |    23 |       ||    23
Invok: Recite            |       |     1 |     1 |     6 |     1 ||     9
       Sanctuary         |       |       |       |     1 |     1 ||     2
 Abil: Spit Poison       |    11 |     1 |       |       |       ||    12
       Breathe Poison Ga |       |    25 |    31 |    64 |     1 ||   121
Evoke: Wand              |       |       |     1 |    14 |       ||    15
  Use: Scroll            |     6 |     3 |    10 |    30 |     2 ||    51
       Potion            |     2 |     4 |     3 |    14 |     1 ||    24
 Stab: Sleeping          |     8 |     7 |    23 |    42 |       ||    80
       Distracted        |       |       |     2 |     5 |       ||     7
  Eat: Chunk             |     2 |     9 |    14 |    10 |       ||    35
       Beef jerky        |       |     1 |     2 |     2 |       ||     5
       Royal jelly       |       |     1 |     1 |       |       ||     2
       Bread ration      |       |       |       |     8 |       ||     8
       Meat ration       |       |       |       |     1 |       ||     1
       Pizza             |       |       |       |     1 |       ||     1
